 Dungeon Crawl Stone Soup version 0.32-a0-975-g85d4e5bfdb (webtiles) character file.

2 Al3s the Sneak (level 1, 0/9 HPs)
             Began as a Spriggan Conjurer on Mar 15, 2018.
             Slain by a hobgoblin
             ... wielding a +0 club
              (6 damage)
             ... on level 1 of the Dungeon on Apr 19, 2024.
             The game lasted 00:03:42 (92 turns).

Al3s the Sneak (Spriggan Conjurer)                    Turns: 92, Time: 00:03:42

Health: 0/9        AC:  2    Str:  4    XL:     1   Next: 25%
Magic:  5/5        EV: 16    Int: 16    God:
Gold:   13         SH:  0    Dex: 16    Spells: 4/5 levels left

rFire   . . .        (weapon restricted)
rCold   . . .        (no shield)
rNeg    . . .        a - +0 robe
rPois   .            (helmet restricted)
rElec   .            (no cloak)
rCorr   .            (gloves unavailable)
SInv    +            (boots unavailable)
Will    .....        (no amulet)
Stlth   ++           (no ring)
HPRegen 0.21/turn    (no ring)
MPRegen 0.09/turn

%: no passive effects
@: very quick
A: very small, no large weapons, unfitting armour, see invisible, speed 3
a: no special abilities


You were on level 1 of the Dungeon.
You visited 1 branch of the dungeon, and saw 1 of its levels.

You collected 13 gold pieces.

Inventory:

Armour
 a - a +0 robe (worn)
Comestibles
 c - a removed food


   Skills:
 + Level 2.7 Dodging
 + Level 3.0 Stealth
 + Level 2.6 Spellcasting
 + Level 3.0 Conjurations


You had 4 spell levels left.
You knew the following spells:

 Your Spells              Type           Power      Damage    Failure   Level
a - Magic Dart            Conj           44%        1d5       5%          1

Your spell library contained the following spells:

 Spells                   Type           Power      Damage    Failure   Level
 Searing Ray              Conj           22%        2d5       9%          2
 Dazzling Flash           Conj/Hex       14%        N/A       30%         3
 Fulminant Prism          Conj/Alch      3%         3d5       71%         4
 Iskenderun's Mystic Bla Conj/Tloc 7%             2d4        (+2d1     71%         4


Dungeon Overview and Level Annotations

Branches:
Dungeon (1/15)

Altars:


Innate Abilities, Weirdness & Mutations

You are very small and have problems with some larger weapons.
You are too small for most types of armour.
You have supernaturally acute eyesight. (SInv)
You cover ground extremely quickly. (Speed+++)


Message History

The goblin barely misses you. The bat hits you but does no damage.
You hit the goblin.
The goblin is severely wounded.
The bat closely misses you. The goblin barely misses you.
You hit the goblin.
You kill the goblin!
The bat barely misses you.
You hit the bat.
The bat is moderately wounded.
The bat barely misses you. The bat hits you. The bat misses you.
You hit the bat but do no damage.
The bat is moderately wounded.
The bat barely misses you. x2
You see here a goblin corpse.
The bat closely misses you.
You miss the bat.
The bat is moderately wounded.
The bat closely misses you.
The teleport trap disappears.
The bat disappears!
Found 2 scrolls labelled KOGE VEZ HEALO.
A hobgoblin comes into view. It is wielding a +0 club.
The hobgoblin shouts!
You see here 2 scrolls labelled KOGE VEZ HEALO.
The hobgoblin hits you with a +0 club.
You hit the hobgoblin but do no damage. You punch the hobgoblin.
The hobgoblin is heavily wounded.
The hobgoblin closely misses you.
You barely miss the hobgoblin.
The hobgoblin is moderately wounded.
The hobgoblin barely misses you.
You hit the hobgoblin.
The hobgoblin is heavily wounded.
The hobgoblin closely misses you.
You hit the hobgoblin but do no damage.
The hobgoblin is heavily wounded.
The hobgoblin misses you.
You hit the hobgoblin but do no damage.
The hobgoblin is heavily wounded.
The hobgoblin hits you with a +0 club.
Ouch! That really hurt!
You die...

#. ####### #.. ........
#..#####.......
...............
...............
........g..#
.......@...#
...........# #+#
........?..### ##⌠##.
...............#
+⌠<⌠+...............#.#
##⌠##........###....# #
#'#..#......# #....#
#'#..#......# #....#
##.##........# #....#


You could see a hobgoblin.

Vanquished Creatures
  A goblin (D:1)
  A bat (D:1)
2 creatures vanquished.

Notes
Turn   | Place    | Note
-------+----------+-------------------------------------------
     0 | D:1      | Al3s the Spriggan Conjurer began the quest for the Orb.
     0 | D:1      | Reached XP level 1. HP: 9/9 MP: 5/5
    33 | D:1      | Upgraded the game from 0.24-a0-698-g60d090ba07 to
                  | 0.32-a0-975-g85d4e5bfdb
    92 | D:1      | Slain by a hobgoblin

Illustrated notes

Levels and vault maps discovered:
D:1:      grunt_arrival_crossed_arrows

Skill      XL: |  1 |
---------------+----+-----
Dodging        | 2 |  2.7
Conjurations   | 3 |  3.0
Stealth        | |  3.0
Spellcasting   | |  2.6

Action                     || total
---------------------------++-------
  Melee: Unarmed           ||    21
         Punch             ||     1
 Armour: Robe              ||    10
  Dodge: Dodged            ||    26

Table legend: (Time is in decaauts)
 A = Elapsed time spent in this place.
 B = Non-inter-level travel time spent in this place.
 C = Inter-level travel time spent in this place.
 D = Time resting spent in this place.
 E = Time spent auto-exploring this place.
 F = Levels seen in this place.
 G = Mean time per level.
                   A        B        C        D        E       F      G
               +--------+--------+--------+--------+--------+-----+--------+
         Total |     66 |     60 |      6 |      0 |      0 |   1 |   66.0 |
       Dungeon |     66 |     60 |      6 |      0 |      0 |   1 |   66.0 |
               +--------+--------+--------+--------+--------+-----+--------+

Top non-repeatable levels by time:
     D:1: 42 daAuts
Note: time per level data comes from an upgraded game and may be incomplete.
